TOP OF THE 1ST |
Hendersonville Hitmen batting - Pitching for Nassau Rockets : LHP Ben Moody
|
Pitching: LHP Ben Moody
|
|
Batting: SHB Félix Montoya
|
0-0: Ball 1-0: Foul Ball, location: 2F 1-1: Swinging Strike 1-2: Foul Ball, location: 2F 1-2: Strikes out swinging
|
Batting: SHB José Estreito
|
0-0: Called Strike 0-1: Ball 1-1: Foul Ball, location: 2F 1-2: Strikes out swinging
|
Batting: LHB Robert Phillips
|
0-0: Ball 1-0: Swinging Strike 1-1: Ball 2-1: Ball 3-1: Foul Ball, location: 2F 3-2: SINGLE (Line Drive, 34)
|
Batting: RHB Ron Glass
|
0-0: Called Strike 0-1: Foul Ball, location: 2F 0-2: Ball 1-2: Strikes out swinging
|
Top of the 1st over - 0 runs, 1 hit, 0 errors, 1 left on base; Hendersonville 0 - Nassau 0 |
BOTTOM OF THE 1ST |
Nassau Rockets batting - Pitching for Hendersonville Hitmen : RHP Júlio Torres
|
Pitching: RHP Júlio Torres
|
|
Batting: LHB Andrew Alvarado
|
0-0: Fly out, F5 (Popup, 5SF)
|
Batting: RHB António Zúńiga
|
0-0: Foul Ball, location: 2F 0-1: Called Strike 0-2: Strikes out looking
|
Batting: SHB Edgardo Osorio
|
0-0: Called Strike 0-1: Foul Ball, location: 2F 0-2: Strikes out swinging
|
Bottom of the 1st over - 0 runs, 0 hits, 0 errors, 0 left on base; Hendersonville 0 - Nassau 0 |
TOP OF THE 2ND |
Hendersonville Hitmen batting - Pitching for Nassau Rockets : LHP Ben Moody
|
Batting: LHB Pedro Rodríguez
|
0-0: Called Strike 0-1: Foul Ball, location: 2F 0-2: Ball 1-2: Strikes out looking
|
Batting: RHB Carlos Flores
|
0-0: Ball 1-0: Foul Ball, location: 2F 1-1: Swinging Strike 1-2: Strikes out looking
|
Batting: LHB José Berroa
|
0-0: Ball 1-0: DOUBLE (Line Drive, 9D)
|
Batting: LHB Milo Glenn
|
0-0: Called Strike 0-1: Swinging Strike 0-2: Ball 1-2: Foul Ball, location: 2F 1-2: Foul Ball, location: 2F 1-2: Strikes out swinging
|
Top of the 2nd over - 0 runs, 1 hit, 0 errors, 1 left on base; Hendersonville 0 - Nassau 0 |
BOTTOM OF THE 2ND |
Nassau Rockets batting - Pitching for Hendersonville Hitmen : RHP Júlio Torres
|
Batting: RHB Wallace Greene
|
0-0: DOUBLE (Line Drive, 9D)
|
Pinch Runner at 2nd Wilson Allen:
|
|
Batting: RHB Dexter Potter
|
0-0: Called Strike 0-1: Foul Ball, location: 2F 0-2: Ball 1-2: 2-RUN HOME RUN (Flyball, 7LD), Distance : 325 ft
|
Batting: LHB Juan Romero
|
0-0: Ball 1-0: Ball 2-0: Fly out, F7 (Flyball, 7D)
|
Batting: RHB Salvador Borbón
|
0-0: Ball 1-0: Ball 2-0: Called Strike 2-1: Foul Ball, location: 2F 2-2: Strikes out swinging
|
Batting: RHB Jesús Villalobos
|
0-0: Called Strike 0-1: Ball 1-1: Foul Ball, location: 2F 1-2: Ball 2-2: Ball 3-2: Ground out 5-3 (Groundball, 25)
|
Bottom of the 2nd over - 2 runs, 2 hits, 0 errors, 0 left on base; Hendersonville 0 - Nassau 2 |
TOP OF THE 3RD |
Hendersonville Hitmen batting - Pitching for Nassau Rockets : LHP Ben Moody
|
Now at 1B: Wilson Allen
|
|
Batting: LHB Tommy Payne
|
0-0: Ball 1-0: Ball 2-0: Called Strike 2-1: Ball 3-1: Foul Ball, location: 2F 3-2: Foul Ball, location: 2F 3-2: Foul Ball, location: 2F 3-2: Foul Ball, location: 2F 3-2: Ground out 4-3 (Groundball, 34D)
|
Batting: SHB Félix Montoya
|
0-0: Ball 1-0: Fly out, F9 (Line Drive, 89M)
|
Batting: SHB José Estreito
|
0-0: Called Strike 0-1: Foul Ball, location: 2F 0-2: Strikes out swinging
|
Top of the 3rd over - 0 runs, 0 hits, 0 errors, 0 left on base; Hendersonville 0 - Nassau 2 |
BOTTOM OF THE 3RD |
Nassau Rockets batting - Pitching for Hendersonville Hitmen : RHP Júlio Torres
|
Batting: RHB Kenji Kudo
|
0-0: Ground out 5-3 (Groundball, 5L)
|
Batting: LHB Andrew Alvarado
|
0-0: Called Strike 0-1: Foul Ball, location: 2F 0-2: SOLO HOME RUN (Flyball, 89XD), Distance : 399 ft
|
Batting: RHB António Zúńiga
|
0-0: Fly out, F9 (Flyball, 9S)
|
Batting: SHB Edgardo Osorio
|
0-0: Ground out 4-3 (Groundball, 4)
|
Bottom of the 3rd over - 1 run, 1 hit, 0 errors, 0 left on base; Hendersonville 0 - Nassau 3 |
TOP OF THE 4TH |
Hendersonville Hitmen batting - Pitching for Nassau Rockets : LHP Ben Moody
|
Batting: LHB Robert Phillips
|
0-0: Called Strike 0-1: Ball 1-1: Called Strike 1-2: Strikes out swinging
|
Batting: RHB Ron Glass
|
0-0: Foul Ball, location: 2F 0-1: SOLO HOME RUN (Line Drive, 78XD), Distance : 401 ft
|
Batting: LHB Pedro Rodríguez
|
0-0: Ball 1-0: Ball 2-0: Foul Ball, location: 2F 2-1: SINGLE (Line Drive, 34)
|
Batting: RHB Carlos Flores
|
0-0: Ball 1-0: Fly out, F6 (Popup, 6S)
|
Batting: LHB José Berroa
|
0-0: Called Strike 0-1: Called Strike 0-2: Foul Ball, location: 2F 0-2: Foul Ball, location: 2F 0-2: Fly out, F9 (Line Drive, 9)
|
Top of the 4th over - 1 run, 2 hits, 0 errors, 1 left on base; Hendersonville 1 - Nassau 3 |
BOTTOM OF THE 4TH |
Nassau Rockets batting - Pitching for Hendersonville Hitmen : RHP Júlio Torres
|
Batting: LHB Wilson Allen
|
0-0: Foul Ball, location: 2F 0-1: Ball 1-1: Ball 2-1: Foul Ball, location: 2F 2-2: Ground out U3 (Groundball, 3)
|
Batting: RHB Dexter Potter
|
0-0: Called Strike 0-1: Swinging Strike 0-2: Foul Ball, location: 2F 0-2: Strikes out swinging
|
Batting: LHB Juan Romero
|
0-0: Ball 1-0: Ball 2-0: Swinging Strike 2-1: Ground out 4-3 (Groundball, 4)
|
Bottom of the 4th over - 0 runs, 0 hits, 0 errors, 0 left on base; Hendersonville 1 - Nassau 3 |
TOP OF THE 5TH |
Hendersonville Hitmen batting - Pitching for Nassau Rockets : LHP Ben Moody
|
Batting: LHB Milo Glenn
|
0-0: Ball 1-0: Ball 2-0: DOUBLE (Flyball, 78D)
|
Batting: LHB Tommy Payne
|
0-0: Called Strike 0-1: Ball 1-1: Fly out, F3 (Popup, 3F)
|
Batting: SHB Félix Montoya
|
0-0: Ball 1-0: Ball 2-0: Called Strike 2-1: Called Strike 2-2: Strikes out swinging
|
Batting: SHB José Estreito
|
0-0: Ball 1-0: Called Strike 1-1: Foul Ball, location: 2F 1-2: Strikes out looking
|
Top of the 5th over - 0 runs, 1 hit, 0 errors, 1 left on base; Hendersonville 1 - Nassau 3 |
BOTTOM OF THE 5TH |
Nassau Rockets batting - Pitching for Hendersonville Hitmen : RHP Júlio Torres
|
Batting: RHB Salvador Borbón
|
0-0: Ball 1-0: Ball 2-0: Foul Ball, location: 2F 2-1: Swinging Strike 2-2: Ball 3-2: Foul Ball, location: 2F 3-2: Foul Ball, location: 2F 3-2: Fly out, F7 (Line Drive, 78XD)
|
Batting: RHB Jesús Villalobos
|
0-0: Called Strike 0-1: Ball 1-1: Reached on error, E5 (Groundball, 56)
|
Batting: RHB Kenji Kudo
|
0-0: Ball 1-0: Foul Ball, location: 2F 1-1: Ball 2-1: Swinging Strike 2-2: Grounds into double play, 4-6-3 (Groundball, 4)
|
Bottom of the 5th over - 0 runs, 0 hits, 1 error, 0 left on base; Hendersonville 1 - Nassau 3 |
TOP OF THE 6TH |
Hendersonville Hitmen batting - Pitching for Nassau Rockets : LHP Ben Moody
|
Batting: LHB Robert Phillips
|
0-0: SINGLE (Line Drive, 8LS)
|
Batting: RHB Ron Glass
|
0-0: Called Strike 0-1: Swinging Strike 0-2: Strikes out swinging
|
Batting: LHB Pedro Rodríguez
|
0-0: Ball 1-0: Ball 2-0: Called Strike 2-1: Foul Ball, location: 2F 2-2: Strikes out looking
|
Batting: RHB Carlos Flores
|
0-0: Ball 1-0: SINGLE (Groundball, 56D) Robert Phillips to second
|
Batting: LHB José Berroa
|
0-0: Ball 1-0: Called Strike 1-1: Ball 2-1: Called Strike 2-2: Ball 3-2: Foul Ball, location: 2F 3-2: Ground out U3 (Groundball, 23)
|
Top of the 6th over - 0 runs, 2 hits, 0 errors, 2 left on base; Hendersonville 1 - Nassau 3 |
BOTTOM OF THE 6TH |
Nassau Rockets batting - Pitching for Hendersonville Hitmen : RHP Júlio Torres
|
Batting: LHB Andrew Alvarado
|
0-0: Called Strike 0-1: Foul Ball, location: 2F 0-2: Ball 1-2: Ball 2-2: SINGLE (Line Drive, 78S)
|
Batting: RHB António Zúńiga
|
0-0: Fly out, F4 (Flyball, 4MD)
|
Batting: SHB Edgardo Osorio
|
0-0: Ball 1-0: Called Strike 1-1: Called Strike 1-2: Ball 2-2: Ball 3-2: SINGLE (Flyball, 89S) Andrew Alvarado to second Runner from 2nd tries for 3rd, SAFE, no throw
|
Batting: LHB Wilson Allen
|
0-0: Called Strike 0-1: Swinging Strike 0-2: Foul Ball, location: 2F 0-2: Strikes out swinging
|
Batting: RHB Dexter Potter
|
0-0: Ball 1-0: Called Strike 1-1: Ball 2-1: Ball 3-1: Called Strike 3-2: Base on Balls Edgardo Osorio to second
|
Batting: LHB Juan Romero
|
0-0: Called Strike 0-1: Foul Ball, location: 2F 0-2: Foul Ball, location: 2F 0-2: Foul Ball, location: 2F 0-2: Ball 1-2: Ground out U3 (Groundball, 3)
|
Bottom of the 6th over - 0 runs, 2 hits, 0 errors, 3 left on base; Hendersonville 1 - Nassau 3 |
TOP OF THE 7TH |
Hendersonville Hitmen batting - Pitching for Nassau Rockets : LHP Ben Moody
|
Batting: LHB Milo Glenn
|
0-0: Foul Ball, location: 2F 0-1: Foul Ball, location: 2F 0-2: Strikes out looking
|
Batting: LHB Tommy Payne
|
0-0: Called Strike 0-1: Ball 1-1: Called Strike 1-2: Ball 2-2: Ball 3-2: Strikes out looking
|
Batting: SHB Félix Montoya
|
0-0: Ball 1-0: Swinging Strike 1-1: Swinging Strike 1-2: Strikes out swinging
|
Top of the 7th over - 0 runs, 0 hits, 0 errors, 0 left on base; Hendersonville 1 - Nassau 3 |
BOTTOM OF THE 7TH |
Nassau Rockets batting - Pitching for Hendersonville Hitmen : RHP Júlio Torres
|
Batting: RHB Salvador Borbón
|
0-0: Fly out, F9 (Flyball, 9LS)
|
Batting: RHB Jesús Villalobos
|
0-0: Ball 1-0: Ground out 5-3 (Groundball, 56)
|
Batting: RHB Kenji Kudo
|
0-0: Ball 1-0: Called Strike 1-1: Foul Ball, location: 2F 1-2: DOUBLE (Flyball, 8LXD)
|
Batting: LHB Andrew Alvarado
|
0-0: Fly out, F9 (Flyball, 9)
|
Bottom of the 7th over - 0 runs, 1 hit, 0 errors, 1 left on base; Hendersonville 1 - Nassau 3 |
TOP OF THE 8TH |
Hendersonville Hitmen batting - Pitching for Nassau Rockets : LHP Ben Moody
|
Pitching: RHP Chris Marshall
|
|
Batting: SHB José Estreito
|
0-0: Ball 1-0: Ground out 4-3 (Groundball, 4)
|
Pitching: LHP Dennis Taylor
|
|
Batting: LHB Robert Phillips
|
0-0: Called Strike 0-1: Ball 1-1: Ball 2-1: Swinging Strike 2-2: SINGLE (Line Drive, 4D)
|
Pitching: RHP Ju-choer Yi
|
|
Batting: RHB Ron Glass
|
0-0: Ball 1-0: Ball 2-0: Called Strike 2-1: Fly out, F7 (Flyball, 7D)
|
Batting: LHB Pedro Rodríguez
|
0-0: Ball 1-0: DOUBLE (Groundball, 3L) Robert Phillips to third Runner from 3rd tries for Home, SAFE, no throw
|
Batting: RHB Carlos Flores
|
0-0: Called Strike 0-1: Ball 1-1: Ball 2-1: Ball 3-1: Called Strike 3-2: Base on Balls
|
Batting: LHB José Berroa
|
0-0: Ball 1-0: Ball 2-0: DOUBLE (Flyball, 78D) Pedro Rodríguez scores Carlos Flores to third
|
Batting: LHB Milo Glenn
|
0-0: Called Strike 0-1: Fly out, F4 (Popup, 4)
|
Top of the 8th over - 2 runs, 3 hits, 0 errors, 2 left on base; Hendersonville 3 - Nassau 3 |
BOTTOM OF THE 8TH |
Nassau Rockets batting - Pitching for Hendersonville Hitmen : RHP Júlio Torres
|
Pitching: RHP Matthew Scott
|
|
Batting: RHB António Zúńiga
|
0-0: Ball 1-0: Swinging Strike 1-1: Foul Ball, location: 2F 1-2: Ball 2-2: Ball 3-2: SINGLE (Groundball, 4MS) (infield hit)
|
Batting: SHB Edgardo Osorio
|
0-0: Ball 1-0: Grounds into double play, 4-6-3 (Groundball, 4)
|
Batting: LHB Wilson Allen
|
0-0: Ball 1-0: Fly out, F8 (Flyball, 8RS)
|
Bottom of the 8th over - 0 runs, 1 hit, 0 errors, 0 left on base; Hendersonville 3 - Nassau 3 |
TOP OF THE 9TH |
Hendersonville Hitmen batting - Pitching for Nassau Rockets : RHP Ju-choer Yi
|
Batting: LHB Tommy Payne
|
0-0: Ball 1-0: Ball 2-0: Ball 3-0: Called Strike 3-1: Fly out, F8 (Flyball, 8LM)
|
Batting: SHB Félix Montoya
|
0-0: Fly out, F6 (Popup, P)
|
Pinch Hitting: SHB Rick Turner
|
0-0: DOUBLE (Line Drive, 7LM)
|
Batting: LHB Robert Phillips
|
0-0: Called Strike 0-1: Ball 1-1: Called Strike 1-2: Ball 2-2: Strikes out looking
|
Top of the 9th over - 0 runs, 1 hit, 0 errors, 1 left on base; Hendersonville 3 - Nassau 3 |
BOTTOM OF THE 9TH |
Nassau Rockets batting - Pitching for Hendersonville Hitmen : RHP Matthew Scott
|
Now at 2B: Boyd Pittman
|
|
Batting: RHB Dexter Potter
|
0-0: Ball 1-0: Ground out 6-3 (Groundball, 6)
|
Batting: LHB Juan Romero
|
0-0: Called Strike 0-1: Ball 1-1: Ball 2-1: Ball 3-1: Ground out 5-3 (Groundball, 56)
|
Batting: RHB Salvador Borbón
|
0-0: Called Strike 0-1: Fly out, F8 (Flyball, 8RD)
|
Bottom of the 9th over - 0 runs, 0 hits, 0 errors, 0 left on base; Hendersonville 3 - Nassau 3 |
TOP OF THE 10TH |
Hendersonville Hitmen batting - Pitching for Nassau Rockets : RHP Ju-choer Yi
|
Batting: RHB Ron Glass
|
0-0: Foul Ball, location: 2F 0-1: Foul Ball, location: 2F 0-2: Foul Ball, location: 2F 0-2: Foul Ball, location: 2F 0-2: Ball 1-2: Strikes out swinging
|
Batting: LHB Pedro Rodríguez
|
0-0: Ball 1-0: Ball 2-0: Ball 3-0: Called Strike 3-1: Swinging Strike 3-2: Base on Balls
|
Batting: RHB Carlos Flores
|
0-0: Ball 1-0: Foul Ball, location: 2F 1-1: Ball 2-1: Ball 3-1: Base on Balls Pedro Rodríguez to second
|
Batting: LHB José Berroa
|
0-0: Ball 1-0: Foul Ball, location: 2F 1-1: Ball 2-1: Fly out, F7 (Flyball, 7)
|
Batting: LHB Milo Glenn
|
0-0: Ball 1-0: Foul Ball, location: 2F 1-1: Called Strike 1-2: Foul Ball, location: 2F 1-2: SINGLE (Line Drive, 8RS) Pedro Rodríguez to third Carlos Flores to second Runner from 3rd tries for Home, SAFE, no throw
|
Batting: LHB Tommy Payne
|
0-0: Ball 1-0: Ball 2-0: Ball 3-0: Base on Balls Carlos Flores to third Milo Glenn to second
|
Pitching: RHP Suezo Morimoto
|
|
Batting: SHB Félix Montoya
|
0-0: Foul Ball, location: 2F 0-1: Ball 1-1: SINGLE (Line Drive, 78S) Carlos Flores scores Milo Glenn to third Tommy Payne to second Runner from 3rd tries for Home, SAFE, no throw
|
Batting: RHB Boyd Pittman
|
0-0: Ball 1-0: Swinging Strike 1-1: Ball 2-1: Fielders Choice at 2nd, 5-4 (Groundball, 56)
|
Top of the 10th over - 3 runs, 2 hits, 0 errors, 2 left on base; Hendersonville 6 - Nassau 3 |
BOTTOM OF THE 10TH |
Nassau Rockets batting - Pitching for Hendersonville Hitmen : RHP Matthew Scott
|
Pitching: RHP Ignacio Morales
|
|
Batting: RHB Jesús Villalobos
|
0-0: Ball 1-0: Fly out, F6 (Line Drive, 6)
|
Batting: RHB Kenji Kudo
|
0-0: Swinging Strike 0-1: Swinging Strike 0-2: Strikes out swinging
|
Batting: LHB Andrew Alvarado
|
0-0: Fly out, F4 (Line Drive, 4M)
|
Bottom of the 10th over - 0 runs, 0 hits, 0 errors, 0 left on base; Hendersonville 6 - Nassau 3 |
|